 Dungeon Crawl Stone Soup version 0.19.1 (webtiles) character file.

211 lorenzova the Conjurer (level 5, -4/28 HPs)
             Began as a Deep Elf Conjurer on Dec 12, 2016.
             Slain by an orc warrior
             ... wielding a +0 scimitar
              (11 damage)
             ... on level 4 of the Dungeon.
             The game lasted 00:04:39 (3262 turns).

lorenzova the Conjurer (Deep Elf Conjurer)          Turns: 3262, Time: 00:04:40

Health: -4/28      AC:  4    Str:  5    XL:     5   Next: 57%
Magic:  0/15       EV: 13    Int: 21    God:
Gold:   195        SH:  0    Dex: 15    Spells: 3 memorised, 5 levels left

rFire  . . .     SeeInvis .     (no weapon)
rCold  . . .     Gourm    .     a - +0 robe
rNeg   . . .     Faith    .     (no shield)
rPois  .         Spirit   .     (no helmet)
rElec  .         Reflect  .     (no cloak)
rCorr  .         Harm     .     j - +1 pair of gloves
MR     .....                    (no boots)
Stlth  +.........               (no amulet)
                                l - ring of wizardry
                                o - ring of loudness (curse)

@: no status effects
A: no striking features
a: no special abilities


You were on level 4 of the Dungeon.
You were very hungry.

You visited 1 branch of the dungeon, and saw 4 of its levels.

You collected 195 gold pieces.

Inventory:

Armour
 a - a +0 robe (worn)
 j - a +1 pair of gloves (worn)
Jewellery
 l - a ring of wizardry (right hand)
 o - a cursed ring of loudness (left hand)
Scrolls
 e - a scroll of identify
 f - a scroll of magic mapping {unknown}
 k - 2 scrolls of noise
 q - a scroll of enchant armour
 s - a scroll of amnesia
 t - 2 scrolls of remove curse {unknown}
 u - a scroll of fog
Potions
 i - a potion of brilliance {unknown}
 n - a potion of invisibility {unknown}
 p - a potion of agility {unknown}
 r - a potion of might {unknown}
Books
 b - a book of Conjurations

   Spells                             Type                      Level
   a - Magic Dart                     Conjuration                  1
   b - Searing Ray                    Conjuration                  2
   c - Dazzling Spray                 Conjuration/Hexes            3
   d - Fulminant Prism                Conjuration/Hexes            4
   e - Iskenderun's Mystic Blast      Conjuration                  4
   f - Iskenderun's Battlesphere      Conjuration/Charms           5
Comestibles
 c - 4 bread rations
 d - a beef jerky
 g - 3 fruits
 h - 4 royal jellies
 m - a slice of pizza


   Skills:
 - Level 2.4 Dodging
 - Level 2.4 Stealth
 * Level 5.7 Spellcasting
 * Level 6.2 Conjurations
 + Level 0.8 Charms


You had 5 spell levels left.
You knew the following spells:

 Your Spells              Type           Power        Failure   Level  Hunger
a - Magic Dart            Conj           ####         1%          1    None
b - Iskenderun's Battles  Conj/Chrm      ###.....     45%         5    #####..
c - Iskenderun's Mystic   Conj           ####....     4%          4    ####...


Dungeon Overview and Level Annotations

Branches:
Dungeon (4/15)
 Temple: D:4-7

Altars:
Cheibriados


Message History

Confirm with . or Enter, or press ? or * to list all spells.
Aiming: Magic Dart
Press: ? - help, Shift-Dir - straight line, f/p - orc warrior
Aim: an orc warrior, wielding a scimitar and wearing a plate armour (almost dead)
The magic dart hits the orc warrior.
The orc warrior is almost dead.
The orc warrior hits you but does no damage.
The orc warrior hits you with a scimitar.
Casting: Magic Dart
Confirm with . or Enter, or press ? or * to list all spells.
Aiming: Magic Dart
Press: ? - help, Shift-Dir - straight line, f/p - orc warrior
Aim: an orc warrior, wielding a scimitar and wearing a plate armour (almost dead)
The magic dart hits the orc warrior.
The orc warrior is almost dead.
The orc warrior hits you with a scimitar!
Ouch! That really hurt!
* * * LOW HITPOINT WARNING * * *
The orc warrior hits you with a scimitar!
You die...

...............#+####..#
#'########..........#..# ...#
#..........#..# ...#
#..........+..# #.##+#
#.#..........#..# ###
..##.####'#.....#..#
.........#.....#..######....
.........#.....##'##...#....
###..##'##.@o..#..##...#....
##+###..##..#.....#.......#....
............#.....+.....).#....
............'.....#.......#....
#.####.##..#.....#..##...#....
#####'##....###+##...'....
#......#....#........#....
#......#....#........#....
#......#....######...#....


You could see an orc warrior.

Vanquished Creatures
  A scorpion (D:3)
  6 adders
  A shadow imp (D:3)
  3 oozes
  2 worms (D:3)
  4 dart slugs
  2 leopard geckos
  3 orcs (D:4)
  A giant cockroach (D:1)
  5 goblins
  9 hobgoblins
  8 jackals
  8 bats
  5 frilled lizards
  8 kobolds
  7 rats
73 creatures vanquished.

Notes
Turn   | Place    | Note
-------+----------+-------------------------------------------
     0 | D:1      | lorenzova the Deep Elf Conjurer began the quest for the Orb.
     0 | D:1      | Reached XP level 1. HP: 10/10 MP: 6/6
   183 | D:1      | Reached XP level 2. HP: 15/15 MP: 0/8
   999 | D:1      | Reached XP level 3. HP: 19/19 MP: 6/10
  1230 | D:2      | Reached skill level 5 in Conjurations
  1656 | D:2      | Reached XP level 4. HP: 24/24 MP: 8/12
  1662 | D:2      | Learned a level 4 spell: Iskenderun's Mystic Blast
  1825 | D:2      | Reached skill level 5 in Spellcasting
  2124 | D:3      | Reached XP level 5. HP: 28/28 MP: 9/15
  2421 | D:3      | Reached skill level 6 in Conjurations
  2503 | D:3      | Learned a level 5 spell: Iskenderun's Battlesphere
  2510 | D:3      | Found a snail-covered altar of Cheibriados.
  2671 | D:3      | Found a faded altar of an unknown god.
  3218 | D:4      | Noticed an orc warrior
  3262 | D:4      | Slain by an orc warrior

Skill      XL: |  1  2  3  4  5 |
---------------+----------------+-----
Spellcasting   | 4 5 |  5.7
Conjurations   | 5 6 |  6.2
Dodging        | |  2.4
Stealth        | |  2.4
Charms         | |  0.8

Action                   |  1- 3 |  4- 6 || total
-------------------------+-------+-------++-------
Melee: Unarmed           |    13 |       ||    13
 Cast: Magic Dart        |    70 |   100 ||   170
       Iskenderun's Myst |       |     4 ||     4
  Use: Scroll            |       |     7 ||     7
  Eat: Chunk             |     2 |     4 ||     6
Armor: Robe              |     8 |     1 ||     9
Dodge: Dodged            |    26 |    13 ||    39
